 Dungeon Crawl Stone Soup version 0.19.1 (webtiles) character file.

6805 Firecrotchwizard the Fighter (level 11, -3/73 HPs)
             Began as a Gargoyle Fighter on Nov 29, 2016.
             Was a Priest of Okawaru.
             Slain by a meliai zombie (4 damage)
             ... on level 10 of the Dungeon.
             The game lasted 00:30:16 (10117 turns).

Firecrotchwizard the Fighter (Gargoyle Fighter)    Turns: 10117, Time: 00:30:18

Health: -3/73      AC: 23    Str: 21    XL:     11   Next: 5%
Magic:  22/22      EV:  5    Int:  9    God:    Okawaru [***...]
Gold:   266        SH: 11    Dex: 11    Spells: 0 memorised, 10 levels left

rFire  . . .     SeeInvis .     F - +1 flail (crush)
rCold  . . .     Gourm    .     D - +0 plate armour
rNeg   + . .     Faith    +     c - +0 shield
rPois  ∞         Spirit   .     (no helmet)
rElec  +         Reflect  .     O - +1 cloak
rCorr  .         Harm     .     (no gloves)
MR     +....                    (no boots)
Stlth  ..........               n - amulet of faith
                                p - ring of magical power
                                g - ring of protection from magic

@: no status effects
A: negative energy resistance 1, electricity resistance, unbreathing,
petrification resistance, rot immunity, AC +7
a: Heroism, Renounce Religion


You were on level 10 of the Dungeon.
You worshipped Okawaru.
Okawaru was most pleased with you.
You were not hungry.

You visited 2 branches of the dungeon, and saw 11 of its levels.

You collected 506 gold pieces.
You spent 240 gold pieces at shops.

Inventory:

Hand Weapons
 B - the +1 long sword "ETAOIN SHRDLU" {drain, rElec MR+}
   (You took it off a kobold on level 5 of the Dungeon)

   A truly terrible weapon, it drains the life of those it strikes.
   It insulates you from electricity.
   It affects your resistance to hostile enchantments.
 F - a +1 flail of crushing (weapon)
 I - the +1 rapier "Lihickiymo" {flame, rF+ MP+9}
   (You found it on level 7 of the Dungeon)

   It has been specially enchanted to burn those struck by it, causing extra
   injury to most foes and up to half again as much damage against particularly
   susceptible opponents.
   It protects you from fire.
   It affects your magic capacity (+9).
 R - a +0 whip of freezing
Missiles
 e - 3 steel tomahawks
 i - 185 stones
 k - 7 tomahawks of returning
 l - a throwing net
 A - 17 tomahawks
 M - 5 silver tomahawks (quivered)
Armour
 c - a +0 shield (worn)
 C - a +0 cloak
 D - a +0 plate armour (worn)
 O - a +1 cloak (worn)
Jewellery
 g - a ring of protection from magic (left hand)
 n - an amulet of faith (around neck)
 p - a ring of magical power (right hand)
 S - an uncursed amulet of the gourmand {unknown}
Wands
 r - a wand of polymorph (14/24)
 t - a wand of flame (29/48)
 E - a wand of flame (26/48)
 H - a wand of heal wounds (3/9)
Scrolls
 a - 2 scrolls of identify
 j - 3 scrolls of magic mapping
 m - 3 scrolls of teleportation
 q - 3 scrolls of amnesia
 y - 4 scrolls of remove curse
 G - 2 scrolls of brand weapon
Potions
 d - a potion of lignification {unknown}
 o - a potion of brilliance
 s - 4 potions of mutation
 u - 3 potions of heal wounds
 v - 2 potions of degeneration
 w - 2 potions of resistance {unknown}
 x - 2 potions of magic {unknown}
 K - a potion of might
 L - a potion of cure mutation {unknown}
 P - a potion of curing {unknown}
Books
 b - a book of Maledictions

   Spells                             Type                      Level
   a - Corona                         Hexes                        1
   b - Ensorcelled Hibernation        Hexes/Ice                    2
   c - Confuse                        Hexes                        3
   d - Tukima's Dance                 Hexes                        3
   e - Dazzling Spray                 Conjuration/Hexes            3
 N - a book of Callings

   Spells                             Type                      Level
   a - Summon Small Mammal            Summoning                    1
   b - Call Imp                       Summoning                    2
   c - Call Canine Familiar           Summoning                    3
   d - Summon Guardian Golem          Hexes/Summoning              3
   e - Summon Lightning Spire         Summoning/Air                4
   f - Summon Ice Beast               Ice/Summoning                4
 Q - a book of Changes

   Spells                             Type                      Level
   a - Beastly Appendage              Transmutation                1
   b - Sticks to Snakes               Transmutation                2
   c - Spider Form                    Transmutation/Poison         3
   d - Ice Form                       Ice/Transmutation            4
   e - Blade Hands                    Transmutation                5
Comestibles
 f - 10 bread rations
 h - 2 fruits
 z - 4 meat rations
 J - 8 slices of pizza


   Skills:
 * Level 10.6 Fighting
 * Level 9.6 Maces & Flails
 + Level 8.0 Armour
 + Level 7.5 Shields
 + Level 3.6 Evocations


You had 10 spell levels left.
You didn't know any spells.

Dungeon Overview and Level Annotations

Branches:
Dungeon (10/15)            Temple (1/1) D:7
   Lair: D:8-11         Orc: D:9-12

Altars:
Ashenzari
Cheibriados
Fedhas
Nemelex Xobeh
Okawaru
Qazlal
Ru
Sif Muna
Trog
Xom
Zin
The Shining One

Shops:
D:4 *   D:6 ?[*   D:9 :

Annotations:
D:4 ChaseSP's ghost, amateur GrGl


Innate Abilities, Weirdness & Mutations

You are resistant to torment.
Your stone body is resilient. (AC +7)
You are immune to poison.
You resist negative energy. (rN+)
You are resistant to electric shocks. (rElec)
You can survive without breathing.
You are immune to petrification.
You are immune to rotting.


Message History

* * * LOW HITPOINT WARNING * * *
The hill giant hits you with a giant spiked club.
* * * LOW HITPOINT WARNING * * *
You barely miss the hill giant.
The hill giant is heavily wounded.
The meliai zombie hits you but does no damage.
You block the meliai zombie's attack.
The meliai zombie hits you but does no damage.
You block the meliai zombie's attack.
You sock the hill giant!
The hill giant is severely wounded.
You block the meliai zombie's attack. The meliai zombie barely misses you.
The hill giant hits you with a giant spiked club!
* * * LOW HITPOINT WARNING * * *
The meliai zombie hits you but does no damage.
You block the meliai zombie's attack.
You sock the hill giant!
The hill giant is severely wounded.
The meliai zombie hits you.
You die...

... ... ....
.....
#######+#.....
#..........#
#..........#
+.....@Z...#
#.....C....#
#.....######
#....( #....(
#....( #.....
#.....


You could see a hill giant and a meliai zombie.

Vanquished Creatures
  Pikel (D:9)
  Maurice (D:8)
  A troll (D:9)
  A two-headed ogre (D:9)
  Grinder (D:5)
  Prince Ribbit (D:9)
  2 hippogriffs
  Eustachio (D:5)
  A wyvern (D:9)
  A human (D:8)
  A hungry ghost (D:7)
  Menkaure (D:5)
  A water moccasin (D:6)
  2 ice beasts
  3 sky beasts
  4 orc warriors
  A necrophage (D:7)
  3 phantoms
  4 centaurs
  2 ogres (D:6)
  Blork the orc (D:5)
  A big kobold (D:5)
  4 bullfrogs
  2 scorpions
  7 killer bees (D:9)
  A howler monkey (D:7)
  3 wights (D:6)
  2 crimson imps
  A bullfrog zombie (D:6)
  A quasit (D:7)
  6 hounds
  Crazy Yiuf (D:5)
  A jelly (D:5)
  5 orc priests
  4 centaur skeletons
  3 iguanas
  Ijyb (D:2)
  7 orc wizards
  5 worker ants
  2 hound zombies (D:5)
  A hound skeleton (D:8)
  4 gnolls
  15 adders
  3 shadow imps
  3 oozes
  3 adder zombies
  3 adder skeletons
  5 worms
  3 dart slugs
  4 leopard geckos
  28 orcs
  12 bats
  3 giant cockroaches
  7 goblins
  7 hobgoblins
  12 jackals
  23 kobolds
  9 quokkas
  5 frilled lizards
  A jackal skeleton (D:4)
  A jackal zombie (D:5)
  A leopard gecko zombie (D:6)
  A quokka zombie (D:5)
  7 rats
  A plant (D:5)
253 creatures vanquished.

Vanquished Creatures (others)
  2 slaves (D:9)
  3 plants (D:5)
5 creatures vanquished.

Grand Total: 258 creatures vanquished

Notes
Turn   | Place    | Note
-------+----------+-------------------------------------------
     0 | D:1      | Firecrotchwizard the Gargoyle Fighter began the quest for the Orb.
     0 | D:1      | Reached XP level 1. HP: 14/14 MP: 1/1
   160 | D:1      | Reached XP level 2. HP: 14/19 MP: 2/2
   412 | D:1      | Reached XP level 3. HP: 22/24 MP: 3/3
   906 | D:2      | Reached skill level 4 in Fighting
  1022 | D:2      | Reached XP level 4. HP: 29/29 MP: 4/4
  1048 | D:2      | Noticed Ijyb
  1073 | D:2      | Killed Ijyb
  1366 | D:2      | Reached XP level 5. HP: 34/34 MP: 5/5
  2152 | D:3      | Reached XP level 6. HP: 32/40 MP: 6/6
  2273 | D:3      | Found a shattered altar of Ashenzari.
  2725 | D:4      | Found Mill's Assorted Antiques.
  2733 | D:4      | Reached skill level 5 in Fighting
  3141 | D:4      | Noticed ChaseSP's ghost (amateur GrGl)
  3310 | D:4      | Noticed Grinder
  3321 | D:5      | Entered Level 5 of the Dungeon
  3403 | D:5      | Killed Grinder
  3403 | D:5      | Reached skill level 6 in Fighting
  3403 | D:5      | Reached skill level 5 in Armour
  3403 | D:5      | Reached XP level 7. HP: 35/46 MP: 7/7
  3653 | D:5      | Noticed Menkaure
  3660 | D:5      | Killed Menkaure
  3660 | D:5      | Reached skill level 5 in Maces & Flails
  3690 | D:5      | Found a snail-covered altar of Cheibriados.
  3803 | D:5      | Reached skill level 5 in Shields
  3829 | D:5      | Reached XP level 8. HP: 52/52 MP: 8/8
  3887 | D:5      | Noticed Eustachio
  3887 | D:5      | Noticed Blork the orc
  3942 | D:5      | Killed Blork the orc
  3952 | D:5      | Killed Eustachio
  3952 | D:5      | Reached skill level 7 in Fighting
  4613 | D:5      | Got a brightly glowing long sword {drain}
  4614 | D:5      | Identified the +1 long sword "ETAOIN SHRDLU" {drain, rElec MR+} (You took it off a kobold on level 5 of the Dungeon)
  4681 | D:5      | Found a runed door.
  4984 | D:5      | Found a deep blue altar of Sif Muna.
  5131 | D:5      | Found a blossoming altar of Fedhas.
  5331 | D:5      | Noticed Crazy Yiuf
  5339 | D:5      | Killed Crazy Yiuf
  5567 | D:6      | Reached XP level 9. HP: 26/59 MP: 9/9
  5613 | D:6      | Reached skill level 8 in Fighting
  6150 | D:6      | Found a glowing golden altar of the Shining One.
  6367 | D:6      | Found a sparkling altar of Nemelex Xobeh.
  6427 | D:6      | Found Paneeth's General Store.
  6430 | D:6      | Bought a scroll of brand weapon for 240 gold pieces
  6612 | D:6      | Found Gaud Itz's Armour Shop.
  6632 | D:6      | Found a sacrificial altar of Ru.
  6707 | D:6      | Found Punweobb's Magic Scroll Shop.
  6894 | D:7      | Reached skill level 9 in Fighting
  6960 | D:7      | Reached skill level 1 in Evocations
  7547 | D:7      | Found a staircase to the Ecumenical Temple.
  7563 | Temple   | Entered the Ecumenical Temple
  7626 | Temple   | Became a worshipper of Warmaster Okawaru
  7642 | D:7      | Got a bloodstained rapier
  7753 | D:7      | Identified the +1 rapier "Lihickiymo" {flame, rF+ MP+9} (You found it on level 7 of the Dungeon)
  7957 | D:8      | Reached XP level 10. HP: 66/66 MP: 11/11
  8381 | D:8      | Noticed Maurice
  8451 | D:8      | Found a bloodstained altar of Trog.
  8606 | D:8      | Reached * piety under Okawaru
  8647 | D:8      | Killed Maurice
  8926 | D:9      | Found Cuitzedy's Book Shoppe.
  8937 | D:9      | Found a sparkling altar of Nemelex Xobeh.
  8993 | D:9      | Reached skill level 10 in Fighting
  9002 | D:9      | Reached ** piety under Okawaru
  9407 | D:9      | Found a glowing silver altar of Zin.
  9427 | D:9      | Noticed Pikel
  9446 | D:9      | Killed Pikel
  9769 | D:9      | Reached *** piety under Okawaru
  9926 | D:9      | Found a glowing golden altar of the Shining One.
  9937 | D:9      | Found a stormy altar of Qazlal.
  9969 | D:9      | Noticed Prince Ribbit
  9990 | D:9      | Reached XP level 11. HP: 58/73 MP: 13/13
 10004 | D:9      | Killed Prince Ribbit
 10104 | D:10     | Entered Level 10 of the Dungeon
 10104 | D:10     | Noticed a hill giant
 10116 | D:10     | HP: 1/73 [hill giant/giant spiked club (16)]
 10117 | D:10     | Slain by a meliai zombie

Skill      XL: |  1  2  3  4  5  6  7  8  9 10 11 |
---------------+----------------------------------+-----
Fighting       | 4 6 7 9 10 | 10.6
Maces & Flails | 3 4 5 6 8 9 |  9.6
Armour         | 4 5 6 7 8 |  8.0
Shields        | 4 5 6 7 |  7.5
Evocations     | 1 3 |  3.6

Action                   |  1- 3 |  4- 6 |  7- 9 | 10-12 || total
-------------------------+-------+-------+-------+-------++-------
Melee: Flail             |   139 |   237 |   575 |   359 ||  1310
       Long sword        |       |       |     6 |       ||     6
Throw: Stone             |     1 |       |       |       ||     1
       Tomahawk          |       |     4 |     5 |     5 ||    14
  Use: Scroll            |       |     6 |     4 |     1 ||    11
       Potion            |       |       |     1 |       ||     1
  Eat: Chunk             |     1 |     7 |    11 |     5 ||    24
       Pizza             |       |       |     1 |     1 ||     2
       Fruit             |       |       |     2 |     1 ||     3
       Meat ration       |       |       |     1 |       ||     1
       Royal jelly       |       |       |     1 |       ||     1
Armor: Scale mail        |    86 |   125 |   207 |       ||   418
       Plate armour      |       |       |   104 |   290 ||   394
Dodge: Dodged            |    53 |    72 |   104 |    73 ||   302
Block: Shield            |    97 |    99 |   273 |   215 ||   684
